 Dungeon Crawl Stone Soup version 0.20-a0-555-gf6ae02d (webtiles) character file.

212 HereIgoKillingAgain the Slasher (level 5, -1/45 HPs)
             Began as a Hill Orc Fighter on Feb 7, 2017.
             Slain by Pikel
             ... wielding a +1 whip of freezing
              (3 damage)
             ... on level 4 of the Dungeon.
             The game lasted 00:02:35 (2439 turns).

HereIgoKillingAgain the Slasher (Hill Orc Fighter)  Turns: 2439, Time: 00:02:36

Health: -1/45      AC:  6    Str: 20    XL:     5   Next: 90%
Magic:  5/5        EV: 12    Int: 11    God:
Gold:   245        SH: 10    Dex: 15    Spells: 4/4 levels left

rFire    . . .     SeeInvis .   a - +0 long sword
rCold    . . .     Gourm    +   b - +0 scale mail
rNeg     . . .     Faith    .   c - +0 shield
rPois    .         Spirit   .   (no helmet)
rElec    .         Reflect  .   (no cloak)
rCorr    .         Harm     .   (no gloves)
MR       .....                  (no boots)
Stlth    +.........             e - amulet of the gourmand (curse)
Regen    0.2/turn               (no ring)
                                m - +3 ring of intelligence

@: agile
A: no striking features
a: no special abilities


You were on level 4 of the Dungeon.
You were not hungry.

You visited 1 branch of the dungeon, and saw 4 of its levels.

You collected 245 gold pieces.

Inventory:

Hand Weapons
 a - a +0 long sword (weapon)
Armour
 b - a +0 scale mail (worn)
 c - a +0 shield (worn)
Jewellery
 e - a cursed amulet of the gourmand (around neck)
 m - a +3 ring of intelligence (left hand)
Wands
 r - a wand of acid (8/15)
Scrolls
 d - a scroll of noise {unknown}
 k - a scroll of remove curse {unknown}
 l - 3 scrolls of teleportation {unknown}
 o - a scroll of fear {unknown}
 q - a scroll of enchant armour {unknown}
Potions
 g - a potion of brilliance
 p - a potion of mutation
 s - a potion of ambrosia
Books
 n - a book of Cantrips

   Spells                             Type                      Level
   a - Confusing Touch                Hexes                        1
   b - Animate Skeleton               Necromancy                   1
   c - Summon Small Mammal            Summoning                    1
   d - Apportation                    Translocation                1
Comestibles
 f - 5 bread rations
 h - 3 meat rations


   Skills:
 - Level 3.6 Fighting
 * Level 5.8 Long Blades
 - Level 3.2 Armour
 + Level 4.3 Shields


You had 4 spell levels left.
You didn't know any spells.

Dungeon Overview and Level Annotations

Branches:
Dungeon (4/15)
 Temple: D:4-7

Altars:
Ashenzari

Annotations:
D:4 Menkaure, Pikel, Robin


Message History

Pikel is heavily wounded.
Pikel says, "Why not give it a go?
You'll get fed.
Maybe."
Pikel hits you with a whip of freezing. Pikel freezes you.
You hit Pikel.
Pikel is heavily wounded.
Pikel hits you with a whip of freezing.
* * * LOW HITPOINT WARNING * * *
Pikel freezes you.
* * * LOW HITPOINT WARNING * * *
You hit Pikel but do no damage.
Pikel is heavily wounded.
Pikel hits you with a whip of freezing.
* * * LOW HITPOINT WARNING * * *
Pikel freezes you.
* * * LOW HITPOINT WARNING * * *
Menkaure calls on the powers of darkness!
The slave convulses!
Pikel convulses!
The goblin convulses!
You feel a surge of unholy energy.
The goblin convulses!
Pikel hits you with a whip of freezing.
You die...

###.# #.# #.......
...# #.#####'######
#..# #.##......# #..#
#.##......# #..#
#.##......#
#..####.........#
#.........###.#.#
#.#####.......#.#
#pK@.............
####M#########.#.#.##
#..g.p....... ...#.#
#..)...##### .#.#
#).....# ### #......#
#.pMg..+ #.pg...#
..........


You could see Pikel, a slave, Menkaure and a goblin.

Vanquished Creatures
  A slave (D:4)
  The ghost of Bzzzz the Skirmisher, an amateur DsAK of Okawaru (D:3)
  A hound skeleton (D:4)
  2 adders (D:3)
  2 oozes
  3 worms
  2 dart slugs (D:3)
  3 leopard geckos
  An orc (D:3)
  3 giant cockroaches
  16 goblins
  5 hobgoblins
  4 jackals (D:1)
  A quokka (D:2)
  4 ball pythons
  7 bats
  A frilled lizard (D:3)
  8 kobolds
  7 rats
72 creatures vanquished.

Notes
Turn   | Place    | Note
-------+----------+-------------------------------------------
     0 | D:1      | HereIgoKillingAgain the Hill Orc Fighter began the quest for the Orb.
     0 | D:1      | Reached XP level 1. HP: 19/19 MP: 1/1
    95 | D:1      | Reached skill level 3 in Long Blades
    95 | D:1      | Reached XP level 2. HP: 21/26 MP: 2/2
   685 | D:1      | Reached XP level 3. HP: 30/31 MP: 3/3
  1156 | D:2      | Reached skill level 4 in Long Blades
  1503 | D:3      | Noticed Bzzzz's ghost (amateur DsAK)
  1519 | D:3      | Killed Bzzzz's ghost
  1519 | D:3      | Reached skill level 5 in Long Blades
  1519 | D:3      | Reached XP level 4. HP: 17/39 MP: 4/4
  1519 | D:3      | Reached XP level 5. HP: 19/45 MP: 5/5
  1597 | D:3      | Found a shattered altar of Ashenzari.
  2395 | D:4      | Noticed a slave
  2396 | D:4      | Noticed a slave
  2397 | D:4      | Noticed Robin
  2397 | D:4      | Noticed Menkaure
  2399 | D:4      | Noticed Pikel
  2402 | D:4      | Noticed a slave
  2403 | D:4      | Noticed a slave
  2421 | D:4      | Killed a slave
  2439 | D:4      | HP: 2/45 [Pikel/whip of freezing (2)]
  2439 | D:4      | Slain by Pikel

Vault maps used:
D:1:      minmay_arrival_glassed_features
D:2:      minmay_vboxes
D:3:      evilmike_ruin_ashenzari, first_bread
D:4:      uniq_menkaure, uniq_robin, uniq_pikel

Skill      XL: |  1  2  3 |
---------------+----------+-----
Long Blades    | 3 5 |  5.8
Shields        | 4 |  4.3
Fighting       | |  3.6
Armour         | |  3.2

Action                   |  1- 3 |  4- 6 || total
-------------------------+-------+-------++-------
Melee: Long sword        |   131 |    94 ||   225
  Use: Scroll            |     1 |     4 ||     5
       Potion            |     1 |     1 ||     2
  Eat: Chunk             |     7 |     3 ||    10
Armor: Scale mail        |    70 |    19 ||    89
Dodge: Dodged            |    48 |    28 ||    76
Block: Shield            |   100 |    42 ||   142
       Rpst.: Long sword |    13 |     8 ||    21
